3L
LAS VEGAS FLAMINGOS @ KINGSTON TOWNSHIP LEGION
08/24/2026
 
TOP OF THE 1ST
Las Vegas Flamingos batting - Pitching for Kingston Township Legion : RHP Jon Briddon
Pitching: RHP Jon Briddon
Batting: RHB Sake van Arem 0-0: Called Strike
0-1: Ball
1-1: Ball
2-1: Ball
3-1: Ground out 1-3 (Groundball, P)
Batting: LHB Roberto Salazar 0-0: Called Strike
0-1: SINGLE (Line Drive, 56D)
Batting: LHB Chris McKinney 0-0: Ball
1-0: Fly out, F9 (Flyball, 9S)
Batting: LHB José Alonso 0-0: Called Strike
0-1: Ball
1-1: Ball
2-1: DOUBLE (Flyball, 8RD)
Roberto Salazar to third
Batting: LHB Job Pels 0-0: Called Strike
0-1: Ball
1-1: Swinging Strike
1-2: Ball
2-2: Ball
3-2: Foul Ball, location: 2F
3-2: Base on Balls
Batting: LHB Victor Adams 0-0: Called Strike
0-1: Swinging Strike
0-2: Fielders Choice at 2nd, 4-6 (Groundball, 4)
Top of the 1st over - 0 run(s), 2 hit(s), 0 error(s), 2 left on base; Las Vegas 0 - Kingston Township 0
BOTTOM OF THE 1ST
Kingston Township Legion batting - Pitching for Las Vegas Flamingos : RHP Lance Hodges
Pitching: RHP Lance Hodges
Batting: LHB Forrest McCooke 0-0: Called Strike
0-1: Bunted foul
0-2: Ball
1-2: Foul Ball, location: 2F
1-2: Foul Ball, location: 2F
1-2: Ball
2-2: Ball
3-2: Foul Ball, location: 2F
3-2: Fly out, F3 (Line Drive, 34)
Batting: LHB Andrés Chávez 0-0: Ball
1-0: Bunt for hit - play at first, batter OUT! 1-3
Batting: LHB Christian Blair 0-0: Ball
1-0: Called Strike
1-1: Fly out, F8 (Flyball, 8RD)
Bottom of the 1st over - 0 run(s), 0 hit(s), 0 error(s), 0 left on base; Las Vegas 0 - Kingston Township 0
TOP OF THE 2ND
Las Vegas Flamingos batting - Pitching for Kingston Township Legion : RHP Jon Briddon
Batting: LHB Emílio Sáenz 0-0: Ball
1-0: Ball
2-0: Ball
3-0: Fly out, F9 (Flyball, 9LD)
Batting: SHB Kunimichi Chikafuji 0-0: Ball
1-0: Called Strike
1-1: Ball
2-1: Ball
3-1: Foul Ball, location: 2F
3-2: Base on Balls
Batting: RHB Jeff Young 0-0: Ball
Wild Pitch!
Kunimichi Chikafuji to second
1-0: Swinging Strike
1-1: Called Strike
1-2: Fly out, F5 (Popup, 5S)
Batting: RHB Sake van Arem 0-0: Ball
1-0: Ground out 4-3 (Groundball, 4)
Top of the 2nd over - 0 run(s), 0 hit(s), 0 error(s), 1 left on base; Las Vegas 0 - Kingston Township 0
BOTTOM OF THE 2ND
Kingston Township Legion batting - Pitching for Las Vegas Flamingos : RHP Lance Hodges
Batting: RHB Clarence Neal 0-0: Foul Ball, location: 2F
0-1: Ball
1-1: Ball
2-1: Called Strike
2-2: Fly out, F8 (Flyball, 8RM)
Batting: RHB EP Weston 0-0: Called Strike
0-1: Ball
1-1: Foul Ball, location: 2F
1-2: Fly out, F7 (Flyball, 78D)
Batting: LHB Ye Der 0-0: Ball
1-0: Foul Ball, location: 2F
1-1: Swinging Strike
1-2: Ball
2-2: Ball
3-2: Base on Balls
Batting: RHB Jim Scott 0-0: SINGLE (Line Drive, 56D)
Ye Der to second
Batting: RHB Jeffery Campbell 0-0: Ground out 6-3 (Groundball, 56D)
Bottom of the 2nd over - 0 run(s), 1 hit(s), 0 error(s), 2 left on base; Las Vegas 0 - Kingston Township 0
TOP OF THE 3RD
Las Vegas Flamingos batting - Pitching for Kingston Township Legion : RHP Jon Briddon
Batting: LHB Roberto Salazar 0-0: Ball
1-0: SINGLE (Flyball, 7S)
Batting: LHB Chris McKinney 0-0: Ball
1-0: Called Strike
Roberto Salazar steals 2nd base
1-1: Fly out, F7 (Flyball, 7)
Batting: LHB José Alonso 0-0: Ball
1-0: Swinging Strike
1-1: Swinging Strike
1-2: Ball
2-2: Ball
3-2: Strikes out swinging
Batting: LHB Job Pels 0-0: Ground out 4-3 (Groundball, 34)
Top of the 3rd over - 0 run(s), 1 hit(s), 0 error(s), 1 left on base; Las Vegas 0 - Kingston Township 0
BOTTOM OF THE 3RD
Kingston Township Legion batting - Pitching for Las Vegas Flamingos : RHP Lance Hodges
Batting: RHB Juan Aguirre 0-0: Called Strike
0-1: Swinging Strike
0-2: SINGLE (Line Drive, 6MD)
Batting: LHB Forrest McCooke 0-0: Called Strike
0-1: Ball
1-1: Ball
2-1: Foul Ball, location: 2F
2-2: Grounds into double play, 6-4-3 (Groundball, 6)
Batting: LHB Andrés Chávez 0-0: Ball
1-0: SINGLE (Groundball, 34D)
Batting: LHB Christian Blair 0-0: Ball
1-0: SINGLE (Groundball, 34D)
Andrés Chávez to second
Runner from 2nd tries for 3rd, SAFE, throw made to third
Batting: RHB Clarence Neal 0-0: Ball
1-0: Foul Ball, location: 2F
1-1: Ball
2-1: Swinging Strike
2-2: Foul Ball, location: 2F
2-2: Ball
3-2: Foul Ball, location: 2F
3-2: Base on Balls
Christian Blair to second
Batting: RHB EP Weston 0-0: Foul Ball, location: 2F
0-1: Swinging Strike
0-2: Ball
1-2: Ball
2-2: Foul Ball, location: 2F
2-2: Foul Ball, location: 2F
2-2: Ground out 4-3 (Groundball, 4S)
Bottom of the 3rd over - 0 run(s), 3 hit(s), 0 error(s), 3 left on base; Las Vegas 0 - Kingston Township 0
TOP OF THE 4TH
Las Vegas Flamingos batting - Pitching for Kingston Township Legion : RHP Jon Briddon
Batting: LHB Victor Adams 0-0: Foul Ball, location: 2F
0-1: Swinging Strike
0-2: Ball
1-2: DOUBLE (Flyball, 8RXD)
Batting: LHB Emílio Sáenz 0-0: Ball
1-0: Ball
2-0: SINGLE (Groundball, 4MD)
Victor Adams to third
Runner from 3rd tries for Home, SAFE, throw made home
Emílio Sáenz to second
Batting: SHB Kunimichi Chikafuji 0-0: Ball
1-0: Called Strike
1-1: Called Strike
1-2: Foul Ball, location: 2F
1-2: Foul Ball, location: 2F
1-2: Foul Ball, location: 2F
1-2: Foul Ball, location: 2F
1-2: Ball
2-2: Foul Ball, location: 2F
2-2: Ground out 4-3 (Groundball, 4)
Emílio Sáenz to third
Batting: RHB Jeff Young 0-0: Called Strike
0-1: Ball
1-1: Swinging Strike
1-2: Foul Ball, location: 2F
1-2: DOUBLE (Groundball, 5L)
Emílio Sáenz scores
Batting: RHB Sake van Arem 0-0: Foul Ball, location: 2F
0-1: Called Strike
0-2: SINGLE (Line Drive, 56)
Jeff Young to third
Batting: LHB Roberto Salazar 0-0: Ball
1-0: Foul Ball, location: 2F
1-1: Ball
2-1: Fly out, F7 (Flyball, 7)
Runner from 3rd tags up, SCORES, throw made
Batting: LHB Chris McKinney 0-0: Ball
Sake van Arem is caught stealing 2nd base
Top of the 4th over - 3 run(s), 4 hit(s), 0 error(s), 0 left on base; Las Vegas 3 - Kingston Township 0
BOTTOM OF THE 4TH
Kingston Township Legion batting - Pitching for Las Vegas Flamingos : RHP Lance Hodges
Batting: LHB Ye Der 0-0: Fly out, F8 (Flyball, 89D)
Batting: RHB Jim Scott 0-0: Ball
1-0: DOUBLE (Flyball, 78D)
Batting: RHB Jeffery Campbell 0-0: Foul Ball, location: 2F
0-1: Foul Ball, location: 2F
0-2: Foul Ball, location: 2F
0-2: Ball
1-2: Ball
2-2: Strikes out swinging
Batting: RHB Juan Aguirre 0-0: Called Strike
0-1: Ball
1-1: Fly out, F9 (Flyball, 9)
Bottom of the 4th over - 0 run(s), 1 hit(s), 0 error(s), 1 left on base; Las Vegas 3 - Kingston Township 0
TOP OF THE 5TH
Las Vegas Flamingos batting - Pitching for Kingston Township Legion : RHP Jon Briddon
Batting: LHB Chris McKinney 0-0: Ball
1-0: Ball
2-0: Called Strike
2-1: Ball
3-1: Ground out U3 (Groundball, 34)
Batting: LHB José Alonso 0-0: SINGLE (Line Drive, 5D)
Batting: LHB Job Pels 0-0: Called Strike
0-1: Swinging Strike
0-2: Ball
1-2: Ball
2-2: Strikes out swinging
Batting: LHB Victor Adams 0-0: Ball
1-0: Foul Ball, location: 2F
1-1: Ball
2-1: Foul Ball, location: 2F
2-2: Strikes out swinging
Top of the 5th over - 0 run(s), 1 hit(s), 0 error(s), 1 left on base; Las Vegas 3 - Kingston Township 0
BOTTOM OF THE 5TH
Kingston Township Legion batting - Pitching for Las Vegas Flamingos : RHP Lance Hodges
Batting: LHB Forrest McCooke 0-0: Called Strike
0-1: Called Strike
0-2: Ball
1-2: Ground out 4-3 (Groundball, 4)
Batting: LHB Andrés Chávez 0-0: Foul Ball, location: 2F
0-1: Ball
1-1: Ball
2-1: Ball
3-1: Foul Ball, location: 2F
3-2: Strikes out swinging
Batting: LHB Christian Blair 0-0: Ball
1-0: Ball
2-0: Called Strike
2-1: SINGLE (Flyball, 8LS)
Batting: RHB Clarence Neal 0-0: Foul Ball, location: 2F
Pickoff Throw to First - Out!
Bottom of the 5th over - 0 run(s), 1 hit(s), 0 error(s), 0 left on base; Las Vegas 3 - Kingston Township 0
TOP OF THE 6TH
Las Vegas Flamingos batting - Pitching for Kingston Township Legion : RHP Jon Briddon
Batting: LHB Emílio Sáenz 0-0: Swinging Strike
0-1: Swinging Strike
0-2: Foul Ball, location: 2F
0-2: Strikes out swinging
Batting: SHB Kunimichi Chikafuji 0-0: Ball
1-0: Ball
2-0: Ball
3-0: Called Strike
3-1: Called Strike
3-2: Ground out 5-3 (Groundball, 56S)
Batting: RHB Jeff Young 0-0: Swinging Strike
0-1: Swinging Strike
0-2: Foul Ball, location: 2F
0-2: Strikes out looking
Top of the 6th over - 0 run(s), 0 hit(s), 0 error(s), 0 left on base; Las Vegas 3 - Kingston Township 0
BOTTOM OF THE 6TH
Kingston Township Legion batting - Pitching for Las Vegas Flamingos : RHP Lance Hodges
Batting: RHB Clarence Neal 0-0: Ball
1-0: Called Strike
1-1: Ball
2-1: Ball
3-1: Base on Balls
Batting: RHB EP Weston 0-0: Ball
1-0: Ball
2-0: Ball
3-0: Called Strike
3-1: Swinging Strike
3-2: Base on Balls
Clarence Neal to second
Pitching: LHP Shunen Takahashi
Batting: LHB Ye Der 0-0: Ball
1-0: Ball
2-0: Grounds into double play, 4-6-3 (Groundball, 4)
Clarence Neal to third
Batting: RHB Jim Scott 0-0: Called Strike
0-1: Called Strike
0-2: Ball
1-2: SINGLE (Groundball, 6MD)
Clarence Neal scores
Batting: RHB Jeffery Campbell 0-0: Ball
1-0: Ball
2-0: Swinging Strike
2-1: Ball
3-1: Called Strike
3-2: Foul Ball, location: 2F
3-2: Base on Balls
Jim Scott to second
Batting: RHB Juan Aguirre 0-0: Called Strike
0-1: Foul Ball, location: 2F
0-2: Ball
1-2: Foul Ball, location: 2F
1-2: Ball
2-2: Strikes out swinging
Bottom of the 6th over - 1 run(s), 1 hit(s), 0 error(s), 2 left on base; Las Vegas 3 - Kingston Township 1
TOP OF THE 7TH
Las Vegas Flamingos batting - Pitching for Kingston Township Legion : RHP Jon Briddon
Batting: RHB Sake van Arem 0-0: Ball
1-0: Ball
2-0: Foul Ball, location: 2F
2-1: Ball
3-1: Foul Ball, location: 2F
3-2: Strikes out swinging
Batting: LHB Roberto Salazar 0-0: Called Strike
0-1: Called Strike
0-2: Ground out 4-3 (Groundball, 4)
Batting: LHB Chris McKinney 0-0: Called Strike
0-1: Ball
1-1: Called Strike
1-2: Foul Ball, location: 2F
1-2: Ground out U3 (Groundball, 34)
Top of the 7th over - 0 run(s), 0 hit(s), 0 error(s), 0 left on base; Las Vegas 3 - Kingston Township 1
BOTTOM OF THE 7TH
Kingston Township Legion batting - Pitching for Las Vegas Flamingos : LHP Shunen Takahashi
Batting: LHB Forrest McCooke 0-0: Called Strike
0-1: Ball
1-1: Ball
2-1: Foul Ball, location: 2F
2-2: Strikes out looking
Batting: LHB Andrés Chávez 0-0: Fly out, F7 (Flyball, 7)
Batting: LHB Christian Blair 0-0: Called Strike
0-1: Ball
1-1: Foul Ball, location: 2F
1-2: Ground out 5-3 (Groundball, 56S)
Bottom of the 7th over - 0 run(s), 0 hit(s), 0 error(s), 0 left on base; Las Vegas 3 - Kingston Township 1
TOP OF THE 8TH
Las Vegas Flamingos batting - Pitching for Kingston Township Legion : RHP Jon Briddon
Pitching: RHP John Riggleman
Batting: LHB José Alonso 0-0: Ball
1-0: Called Strike
1-1: Ball
2-1: Ground out 4-3 (Groundball, 4S)
Batting: LHB Job Pels 0-0: Ball
1-0: Ball
2-0: Ground out 4-3 (Groundball, 4D)
Batting: LHB Victor Adams 0-0: Ball
1-0: Swinging Strike
1-1: Reached on error, E6 (Groundball, 6)
Batting: LHB Emílio Sáenz 0-0: Called Strike
0-1: Ball
1-1: Foul Ball, location: 2F
1-2: Strikes out swinging
Top of the 8th over - 0 run(s), 0 hit(s), 1 error(s), 1 left on base; Las Vegas 3 - Kingston Township 1
BOTTOM OF THE 8TH
Kingston Township Legion batting - Pitching for Las Vegas Flamingos : LHP Shunen Takahashi
Pitching: RHP Enrique García
Batting: RHB Clarence Neal 0-0: Ball
1-0: Ball
2-0: Called Strike
2-1: Swinging Strike
2-2: Ball
3-2: Strikes out swinging
Batting: RHB EP Weston 0-0: SINGLE (Line Drive, 78S)
Batting: LHB Ye Der 0-0: Ball
1-0: Foul Ball, location: 2F
1-1: Ball
2-1: Fly out, F9 (Flyball, 9)
Batting: RHB Jim Scott 0-0: Ball
1-0: Ball
2-0: Foul Ball, location: 2F
2-1: Ball
3-1: Called Strike
3-2: Strikes out looking
Bottom of the 8th over - 0 run(s), 1 hit(s), 0 error(s), 1 left on base; Las Vegas 3 - Kingston Township 1
TOP OF THE 9TH
Las Vegas Flamingos batting - Pitching for Kingston Township Legion : RHP John Riggleman
Batting: SHB Kunimichi Chikafuji 0-0: Ground out 4-3 (Groundball, 4)
Batting: RHB Jeff Young 0-0: Called Strike
0-1: Fly out, F9 (Flyball, 9LS)
Batting: RHB Sake van Arem 0-0: Called Strike
0-1: Ground out 6-3 (Groundball, 56)
Top of the 9th over - 0 run(s), 0 hit(s), 0 error(s), 0 left on base; Las Vegas 3 - Kingston Township 1
BOTTOM OF THE 9TH
Kingston Township Legion batting - Pitching for Las Vegas Flamingos : RHP Enrique García
Pitching: RHP Ron Yarbrough
Batting: RHB Jeffery Campbell 0-0: SINGLE (Groundball, 34D)
Batting: RHB Juan Aguirre 0-0: Ball
1-0: Ball
2-0: Grounds into double play, 6-4-3 (Groundball, 6)
Batting: LHB Forrest McCooke 0-0: Ball
1-0: Ball
2-0: Foul Ball, location: 2F
2-1: Ground out 6-3 (Groundball, 6M)
Bottom of the 9th over - 0 run(s), 1 hit(s), 0 error(s), 0 left on base; Las Vegas 3 - Kingston Township 1
Monday, March 20th, 2017 - OOTP Baseball 17.12 Build 75